 Dungeon Crawl Stone Soup version 0.29-a0-371-g91724d5b39 (webtiles) character file.

Game seed: 13112950366470624313

585 Bruhh the Chiller (level 7, -2/46 HPs)
             Began as a Human Ice Elementalist on May 3, 2022.
             Slain by a bullfrog (3 damage)
             ... in a sewer.
             The game lasted 00:08:49 (5839 turns).

Bruhh the Chiller (Human Ice Elementalist)          Turns: 5839, Time: 00:08:52

Health: -2/46      AC:  2    Str:  9    XL:     7   Next: 64%
Magic:  15/16      EV: 12    Int: 17    God:
Gold:   149        SH:  0    Dex: 13    Spells: 11/18 levels left

rFire   . . .      SeeInvis .   r - +5 club
rCold   . . .      Faith    .   (no shield)
rNeg    . . .      Spirit   .   a - +0 robe
rPois   .          Reflect  .   (no helmet)
rElec   .          Harm     .   (no cloak)
rCorr   .          Rampage  .   (no gloves)
Will    .....                   (no boots)
Stlth   +.........              (no amulet)
HPRegen 0.15/turn               (no ring)
MPRegen 0.15/turn               (no ring)

@: very slow
A: no striking features
a: no special abilities


You were in a sewer.
You visited 1 branch of the dungeon, and saw 5 of its levels.
You also visited: Sewer.

You collected 149 gold pieces.

Inventory:

Hand Weapons
 r - a +5 club (weapon)
Armour
 a - a +0 robe (worn)
Jewellery
 d - an amulet of guardian spirit
 p - a ring of protection from fire
Wands
 m - a wand of digging (6)
 u - a wand of acid (14)
Scrolls
 c - a scroll of magic mapping {unknown}
 j - 3 scrolls of blinking {unknown}
 k - 5 scrolls of identify {unknown}
 n - 2 scrolls of teleportation {unknown}
 o - a scroll of fog {unknown}
 t - a scroll of noise {unknown}
 v - a scroll of immolation {unknown}
 w - a scroll of brand weapon {unknown}
 y - a scroll of silence {unknown}
 z - 2 scrolls of summoning {unknown}
Potions
 b - a potion of magic
 e - 3 potions of brilliance {unknown}
 g - 2 potions of mutation {unknown}
 h - a potion of ambrosia {unknown}
 i - a potion of flight {unknown}
 l - 3 potions of degeneration {unknown}
 q - a potion of lignification {unknown}
 s - 2 potions of curing {unknown}
 x - a potion of haste


   Skills:
 - Level 2.0 Dodging
 - Level 2.0 Stealth
 + Level 6.0 Spellcasting
 - Level 6.0 Ice Magic


You had 11 spell levels left.
You knew the following spells:

 Your Spells              Type           Power      Damage    Failure   Level
a - Freeze                Ice            100%       1d11      1%          1
b - Frozen Ramparts       Ice            50%        1d7       3%          3
c - Ozocubu's Armour      Ice            25%        N/A       3%          3

Your spell library contained the following spells:

 Spells                   Type           Power      Damage    Failure   Level
 Static Discharge         Conj/Air       5%         N/A       19%         2
 Hailstorm                Conj/Ice       15%        3d5       36%         4
 Lightning Bolt           Conj/Air       2%         1d14      98%         5
 Maxwell's Capacitive Co  Air            2%         ∞         100%        8


Dungeon Overview and Level Annotations

Branches:
Dungeon (5/15)              Sewer (1/1)
 Temple: D:4-7

Altars:
Sif Muna


Message History

The bullfrog hits you! The ball python closely misses you.
The ball python grabs you. The ball python constricts you.
You hit the ball python.
You kill the ball python!
The adder closely misses you. The adder bites you.
The bullfrog barely misses you. The adder barely misses you.
The ball python closely misses you. The ball python grabs you.
The ball python constricts you. The adder closely misses you.
The adder bites you but does no damage. The bullfrog hits you.
The adder bites you. Why would you want to do that?
You escape the ball python's grasp.
The bullfrog barely misses you. The frilled lizard barely misses you.
The adder bites you. The bullfrog hits you. The adder closely misses you.
The frilled lizard completely misses you.
The adder bites you but does no damage. The adder attacks as you move away!
The adder bites you but does no damage. The adder barely misses you.
The bullfrog hits you. x2
The ball python misses you. The ball python grabs you.
The ball python constricts you. The bullfrog hits you.
The adder closely misses you. The bullfrog hits you.
The ball python bites you but does no damage.
The ball python constricts you.
You feel much better.
The bullfrog hits you. x2; The adder barely misses you.
The bullfrog hits you.
Your unstable footing causes you to fumble your attack.
The bullfrog hits you. The ball python barely misses you.
The ball python constricts you. The adder bites you but does no damage.
The ball python loses its grip on you. The frilled lizard barely misses you.
The bullfrog barely misses you. The bullfrog hits you! The adder bites you.
The adder closely misses you. The frilled lizard closely misses you.
The bullfrog hits you. The adder attacks as you move away!
The adder closely misses you. The bullfrog hits you!
* * * LOW HITPOINT WARNING * * *
The bullfrog barely misses you. The adder bites you but does no damage.
The bullfrog hits you!
* * * LOW HITPOINT WARNING * * *
The bullfrog hits you.
You die...

#..#††..# ####...##
+####################....#
....≈≈≈≈≈≈≈≈≈≈≈≈≈≈≈#...†.#
....≈≈≈≈≈≈≈≈≈≈≈≈≈≈≈≈....##
...≈#≈≈≈≈≈S≈≈≈≈≈≈≈≈≈....#
....≈≈≈≈SS≈≈≈≈≈≈≈≈≈.....#
....≈≈≈≈SFSl≈#≈≈≈≈≈≈...##
....≈≈≈lSF@≈≈≈≈≈≈≈≈..###
######################


You could see 2 bullfrogs, 3 adders, 3 ball pythons and 2 frilled lizards.

Vanquished Creatures
  A phantom (D:4)
  A jelly (D:5)
  4 hounds
  Jessica (D:3)
  2 iguanas (D:4)
  Robin (D:3)
  7 adders
  4 gnolls (D:3)
  4 river rats (Sewer)
  A worm (D:4)
  A dart slug (D:4)
  9 orcs
  5 bats
  2 endoplasms (D:2)
  4 giant cockroaches
  20 goblins
  7 hobgoblins
  5 jackals
  7 quokkas
  14 ball pythons
  6 frilled lizards
  8 kobolds
  25 rats
139 creatures vanquished.

Vanquished Creatures (others)
  5 toadstools (D:1)
5 creatures vanquished.

Grand Total: 144 creatures vanquished

Notes
Turn   | Place    | Note
-------+----------+-------------------------------------------
     0 | D:1      | Bruhh the Human Ice Elementalist began the quest for the
                  | Orb.
     0 | D:1      | Reached XP level 1. HP: 13/13 MP: 3/3
   296 | D:1      | Reached XP level 2. HP: 19/19 MP: 3/5
   550 | D:1      | Found a faded altar of an unknown god.
   791 | D:2      | Reached XP level 3. HP: 21/24 MP: 2/7
   942 | D:2      | Learned a level 3 spell: Frozen Ramparts
   946 | D:2      | Learned a level 3 spell: Ozocubu's Armour
  2066 | D:3      | Reached XP level 4. HP: 26/30 MP: 5/8
  2468 | D:3      | Noticed Jessica
  2471 | D:3      | Killed Jessica
  2472 | D:3      | Reached skill level 5 in Ice Magic
  2472 | D:3      | Reached XP level 5. HP: 23/35 MP: 6/10
  3334 | D:3      | Noticed Robin
  3342 | D:3      | Killed Robin
  3458 | D:3      | Reached XP level 6. HP: 41/41 MP: 11/11
  4167 | D:4      | Reached skill level 5 in Spellcasting
  4167 | D:4      | Reached XP level 7. HP: 30/46 MP: 10/14
  4379 | D:4      | Found a shimmering blue altar of Sif Muna.
  4982 | D:5      | Entered Level 5 of the Dungeon
  5346 | D:5      | Found a glowing drain.
  5357 | Sewer    | Entered a sewer
  5839 | Sewer    | HP: 1/46 [bullfrog (7)]
  5839 | Sewer    | Slain by a bullfrog

Illustrated notes

Levels and vault maps discovered:
D:1:      ldierk_walled_garden, layout_basic, ebering_ecumenical_altar_mist,
          grunt_decor_junction, grunt_decor_cap, chequers_serial_rivers_micro_d
D:2:      layout_loops_corners
D:3:      kennysheep_goblin_castle, layout_loops_ring, uniq_jessica
D:4:      layout_basic, lemuel_doored_altar
D:5:      layout_gridville, gup_sewer_entry_pipe, amethyst_killhole
Sewer:    sewer_minmay_w

Skill      XL: |  1  2  3  4  5  6  7 |
---------------+----------------------+-----
Spellcasting   | 3 5 6 |  6.0
Ice Magic      | 5 6 |  6.0
Dodging        | |  2.0
Stealth        | |  2.0

Action                   |  1- 3 |  4- 6 |  7- 9 || total
-------------------------+-------+-------+-------++-------
Melee: Unarmed           |    11 |     2 |       ||    13
       Club              |       |    37 |    12 ||    49
       Punch             |       |     2 |       ||     2
 Cast: Freeze            |    43 |    56 |    60 ||   159
       Frozen Ramparts   |       |     5 |     2 ||     7
       Ozocubu's Armour  |       |     1 |     1 ||     2
  Use: Potion            |       |     1 |     1 ||     2
 Stab: Sleeping          |       |     2 |       ||     2
       Distracted        |       |     1 |       ||     1
Armor: Robe              |     3 |    18 |    15 ||    36
Dodge: Dodged            |    31 |    64 |    75 ||   170

Table legend: (Time is in decaauts)
 A = Elapsed time spent in this place.
 B = Non-inter-level travel time spent in this place.
 C = Inter-level travel time spent in this place.
 D = Time resting spent in this place.
 E = Time spent auto-exploring this place.
 F = Levels seen in this place.
 G = Mean time per level.
                   A        B        C        D        E       F      G
               +--------+--------+--------+--------+--------+-----+--------+
         Total |   5896 |   5800 |     96 |      0 |   5012 |   6 |  982.7 |
       Dungeon |   5376 |   5280 |     96 |      0 |   4613 |   5 | 1075.2 |
         Sewer |    519 |    519 |      0 |      0 |    398 |   1 |  519.0 |
               +--------+--------+--------+--------+--------+-----+--------+

Top non-repeatable levels by time:
     D:3: 1614 daAuts
     D:4: 1437 daAuts
     D:2: 1246 daAuts
     D:1: 697 daAuts
   Sewer: 519 daAuts
     D:5: 381 daAuts
